 Dungeon Crawl Stone Soup version 0.18.1-48-g4cf74bf (webtiles) character file.

123 Neosonic97 the Skirmisher (level 4, -2/40 HPs)
             Began as a Draconian Transmuter on Sept 8, 2016.
             Killed from afar by an orc wizard (7 damage)
             ... with a magic dart
             ... on level 3 of the Dungeon.
             The game lasted 00:11:03 (3065 turns).

Neosonic97 the Skirmisher (Draconian Transmuter)    Turns: 3065, Time: 00:11:04

Health: -2/40      AC:  5    Str: 14    XL:     4   Next: 80%
Magic:  7/7        EV: 12    Int: 13    God:
Gold:   151        SH:  0    Dex: 11    Spells: 2 memorised, 4 levels left

rFire  . . .     SeeInvis .       - Unarmed
rCold  . . .     Gourm    .     (armour unavailable)
rNeg   . . .     Faith    .     (no shield)
rPois  .         Spirit   .     (helmet restricted)
rElec  .         Dismiss  .     (no cloak)
rCorr  .         Reflect  .     (no gloves)
SustAt .         Harm     .     (no boots)
MR     .....                    (no amulet)
Stlth  +.........               (no ring)
                                (no ring)

@: not resistant to hostile enchantments, very unstealthy
A: unfitting armour, cold-blooded, AC +5
a: no special abilities


You were on level 3 of the Dungeon.
You were not hungry.

You visited 1 branch of the dungeon, and saw 3 of its levels.

You collected 151 gold pieces.

Inventory:

Missiles
 a - 76 arrows
Wands
 t - a wand of confusion (30/48)
Scrolls
 d - a scroll of remove curse {unknown}
 e - 3 scrolls of identify {unknown}
 f - a scroll of fear {unknown}
 h - 4 scrolls of enchant armour {unknown}
 i - a scroll of noise {unknown}
 j - a scroll of fog {unknown}
 k - 3 scrolls of blinking {unknown}
 m - a scroll of magic mapping {unknown}
 o - 2 scrolls of teleportation {unknown}
Potions
 g - a potion of flight {unknown}
 n - 2 potions of lignification
 p - a potion of mutation {unknown}
 q - a potion of heal wounds
 s - a potion of berserk rage {unknown}
Books
 b - a book of Changes

   Spells                             Type                      Level
   a - Beastly Appendage              Transmutation                1
   b - Sticks to Snakes               Transmutation                2
   c - Spider Form                    Transmutation/Poison         3
   d - Ice Form                       Ice/Transmutation            4
   e - Blade Hands                    Transmutation                5
Comestibles
 c - 4 bread rations
 l - a slice of pizza
 r - a beef jerky
 u - a chunk of flesh
 v - a meat ration


   Skills:
 * Level 4.2 Fighting
 - Level 1.7 Dodging
 - Level 3.5 Unarmed Combat
 - Level 2.5 Spellcasting
 - Level 2.0 Transmutations


You had 4 spell levels left.
You knew the following spells:

 Your Spells              Type           Power        Failure   Level  Hunger
a - Beastly Appendage     Trmt           #.....       12%         1    #......
b - Spider Form           Trmt/Pois      #.........   52%         3    ###....


Dungeon Overview and Level Annotations

Branches:
Dungeon (3/15)

Altars:
Pakellas
Qazlal


Innate Abilities, Weirdness & Mutations

Your plain brown scales are hard (AC +5).
Your body does not fit into most forms of armour.
You are cold-blooded and may be slowed by cold attacks.


Message History

* * * LOW HITPOINT WARNING * * *
Your talons disappear.
Something hits you.
* * * LOW HITPOINT WARNING * * *
Things that are here:
a short sword; a leather armour You're too confused to move!
Something hits you but does no damage.
You're too confused to move!
Something hits you but does no damage. Something hits you but does no damage.
You bump into the rock wall.
You feel less confused. Something hits you but does no damage.
You miss something. You tail-slap something.
An orc wizard appears from thin air!
Reactivating autopickup.
You hit the orc wizard.
Your tail-slap misses the orc wizard.
The orc wizard is moderately wounded.
The orc wizard points at you and mumbles some strange words.
The magic dart hits you!
You die...

....# # ...# #. #..# # #.
.?#..#####.# #.. ........
#.# #..#.# #.# .## #....#
#.# ....###.o#.# ###.#
.%....))@#.## #
###...#####.........####....
..........#.#.#####.........
##........#...# #.########
#.##.).......# #.#
##.##...#####. #.##
...###.## ####..## #### #.#
.......#.## # #.#
#####.###.#


You could see an orc wizard.

Vanquished Creatures
  3 gnolls (D:2)
  2 adders
  3 worms (D:2)
  2 dart slugs
  2 giant geckos
  3 orcs (D:3)
  2 giant cockroaches (D:2)
  7 goblins
  2 hobgoblins
  2 jackals (D:3)
  5 quokkas
  A ball python (D:2)
  6 bats
  13 giant newts
  7 kobolds
  4 rats
64 creatures vanquished.

Notes
Turn   | Place    | Note
--------------------------------------------------------------
     0 | D:1      | Neosonic97 the Draconian Transmuter began the quest for the Orb.
     0 | D:1      | Reached XP level 1. HP: 16/16 MP: 3/3
   256 | D:1      | Reached XP level 2. HP: 22/23 MP: 3/5
   788 | D:1      | Reached skill level 2 in Fighting
   788 | D:1      | Reached XP level 3. HP: 6/29 MP: 3/6
  1401 | D:2      | Learned a level 3 spell: Spider Form
  1880 | D:2      | HP: 1/30 [gnoll/spear (2)]
  1915 | D:2      | Reached skill level 3 in Fighting
  1918 | D:2      | Reached XP level 4. HP: 27/38 MP: 7/7
  2545 | D:2      | Reached skill level 4 in Fighting
  2816 | D:3      | Found an oddly glowing altar of Pakellas.
  2934 | D:3      | Found a stormy altar of Qazlal.
  3065 | D:3      | Killed from afar by an orc wizard

Skill      XL: |  1  2  3  4 |
---------------+-------------+-----
Fighting       | 2 3 4 |  4.2
Dodging        | |  1.7
Unarmed Combat | |  3.5
Spellcasting   | |  2.5
Transmutations | |  2.0

Action                   |  1- 3 |  4- 6 || total
-------------------------+-------+-------++-------
Melee: Unarmed           |   141 |   101 ||   242
       Kick              |    14 |     5 ||    19
       Tailslap          |    14 |    13 ||    27
       Headbutt          |     2 |     8 ||    10
       Punch             |     2 |     4 ||     6
 Cast: Beastly Appendage |    22 |    13 ||    35
       Spider Form       |       |     2 ||     2
  Use: Potion            |     2 |     1 ||     3
 Stab: Distracted        |     1 |       ||     1
  Eat: Chunk             |     4 |     4 ||     8
Armor: Skin              |    93 |    39 ||   132
Dodge: Dodged            |    84 |    54 ||   138
